 Dungeon Crawl Stone Soup version 0.31-a0-202-g547052bce9 (webtiles) character file.

Game seed: 16623296286945779255

77 qw the Shooter (level 4, -1/25 HPs)
             Began as a Deep Elf Hunter on June 25, 2023.
             Slain by a goblin
             ... wielding a +0 dagger
             ... led by Robin
              (2 damage)
             ... on level 2 of the Dungeon.
             The game lasted 00:00:31 (1107 turns).

qw the Shooter (Deep Elf Hunter)                    Turns: 1107, Time: 00:00:32

Health: -1/25      AC:  3    Str: 10    XL:     4   Next: 14%
Magic:  6/6        EV: 12    Int: 14    God:
Gold:   65         SH:  0    Dex: 18    Spells: 3/3 levels left

rFire   . . .        Y - +0 shortbow
rCold   . . .        (shield currently unavailable)
rNeg    . . .        c - +0 leather armour
rPois   .            (no helmet)
rElec   .            (no cloak)
rCorr   .            (no gloves)
SInv    .            (no boots)
Will    .....        (no amulet)
Stlth   ++           (no ring)
HPRegen 0.24/turn    (no ring)
MPRegen 0.10/turn

%: no passive effects
@: no status effects
A: no striking features
a: no special abilities


You were on level 2 of the Dungeon.
You visited 1 branch of the dungeon, and saw 2 of its levels.

You collected 65 gold pieces.


   Skills:
 - Level 1.5 Fighting
 + Level 7.5 Ranged Weapons
 - Level 2.4 Dodging
 - Level 1.2 Stealth


You had 3 spell levels left.
You didn't know any spells.
Your spell library was empty.

Inventory:

Hand Weapons
 Y - a +0 shortbow (weapon)
Armour
 c - a +0 leather armour (worn)
Potions
 a - a potion of curing {unknown}
 b - a potion of cancellation {unknown}
 f - a potion of haste {unknown}
 i - a potion of berserk rage {unknown}
 j - a potion of might {unknown}
 k - a potion of attraction {unknown}
 l - a potion of heal wounds {unknown}

Dungeon Overview and Level Annotations

Branches:
Dungeon (2/15)

Altars:

Annotations:
D:2 Robin


Message History

The goblin closely misses you.
You shoot an arrow.
The arrow hits the hobgoblin but does no damage.
The hobgoblin closely misses you. The goblin hits you but does no damage.
You shoot an arrow. The arrow hits the hobgoblin!
You kill the hobgoblin!
The goblin barely misses you.
You shoot an arrow. The arrow closely misses the goblin.
The arrow barely misses the goblin.
The arrow hits Robin.
Robin is lightly wounded.
The goblin hits you with a +0 dagger.
A hobgoblin comes into view.
Robin's bangles clink loudly.
Robin throws the goblin at you! The goblin hits you with a +0 club.
You shoot an arrow. The arrow hits the goblin.
The goblin is heavily wounded.
The goblin hits you with a +0 dagger. The goblin misses you.
The goblin hits you but does no damage.
You shoot an arrow. The arrow hits the goblin.
You kill the goblin!
The goblin hits you with a +0 dagger. The goblin hits you but does no damage.
You shoot an arrow. The arrow hits the goblin!
You kill the goblin!
The goblin hits you with a +0 dagger.
You shoot an arrow. The arrow hits the goblin!
You kill the goblin!
The goblin closely misses you.
You shoot an arrow. The arrow hits the goblin.
The goblin is moderately wounded.
Robin throws the goblin at you! The goblin hits you with a +0 dagger.
The goblin closely misses you.
You shoot an arrow. The arrow barely misses the goblin.
The hobgoblin no longer looks unusually strong.
The goblin no longer looks unusually strong.
The goblin hits you with a +0 dagger. The goblin completely misses you.
You shoot an arrow. The arrow hits the goblin.
The goblin is heavily wounded.
The goblin no longer looks unusually strong.
The goblin barely misses you. The goblin hits you with a +0 dagger.
You die...

...#..# .....
)... #.##.#
###.. #)..
#....# ..
.... #.#### .
#.. #.### #%.
#...# #.###
#...#
#ggg#####...#
#@##......#
#g##......#
#....%....#
###..).......
#..........+
#..........#
#..%.......#
........#+##
.........# ##


You could see Robin, a hobgoblin and 2 goblins.

Vanquished Creatures
  2 adders (D:2)
  A worm (D:2)
  8 bats
  4 endoplasms
  A giant cockroach (D:1)
  3 hobgoblins
  2 kobolds
  2 quokkas (D:1)
  3 ball pythons
  5 frilled lizards
  15 goblins
  6 rats
52 creatures vanquished.

Notes
Turn   | Place    | Note
-------+----------+-------------------------------------------
     0 | D:1      | qw the Deep Elf Hunter began the quest for the Orb.
     0 | D:1      | Reached XP level 1. HP: 12/12 MP: 3/3
     0 | D:1      | 0 ||| qw: Version: 0.3-a-22-g0ed2b0b
     0 | D:1      | 0 ||| qw: Game counter: 5710
     0 | D:1      | 0 ||| qw: Melee chars always use a shield: true
     0 | D:1      | 0 ||| qw: God list: Okawaru
     0 | D:1      | 0 ||| qw: Allow faded altars: false
     0 | D:1      | 0 ||| qw: Do Orc after clearing Dungeon:15 true
     0 | D:1      | 0 ||| qw: Do second Lair branch before Depths: true
     0 | D:1      | 0 ||| qw: Lair rune preference: random
     0 | D:1      | 0 ||| qw: Goals: Normal
     0 | D:1      | 0 ||| PLANNING D:1-11
   294 | D:1      | Reached skill level 6 in Ranged Weapons
   294 | D:1      | Reached XP level 2. HP: 16/16 MP: 4/4
   688 | D:1      | 688 ||| READING scroll labelled DIOPPI ESEANUC.
   789 | D:1      | 789 ||| READING scroll labelled OPPADGH DAETSAAPH.
   790 | D:1      | 790 ||| READING scroll labelled QOM YTIDDI.
   791 | D:1      | 791 ||| READING scroll labelled LEALYMM MOKEF.
   796 | D:1      | 796 ||| DROPPING scroll of butterflies.
   814 | D:2      | Reached XP level 3. HP: 18/20 MP: 5/5
   895 | D:2      | Reached skill level 7 in Ranged Weapons
  1091 | D:2      | Reached XP level 4. HP: 25/25 MP: 6/6
  1093 | D:2      | Noticed Robin
  1105 | D:2      | HP: 6/25 [goblin/+0 dagger[Robin] (1)]
  1106 | D:2      | HP: 1/25 [goblin/+0 dagger[Robin] (5)]
  1107 | D:2      | Slain by a goblin

Levels and vault maps discovered:
D:1:      sevenhm_arrival_forest_fort_small_4, layout_loops_cross,
          minmay_tree_intersection, chequers_serial_rivers_marsh
D:2:      layout_basic, uniq_robin

Skill      XL: |  1  2  3 |
---------------+----------+-----
Ranged Weapons | 6 7 |  7.5
Fighting       | |  1.5
Dodging        | |  2.4
Stealth        | |  1.2

Action                     |  1- 3 |  4- 6 || total
---------------------------+-------+-------++-------
   Fire: Shortbow          |   120 |    17 ||   137
    Use: Scroll            |     4 |       ||     4
 Armour: Leather armour    |     9 |     3 ||    12
  Dodge: Dodged            |    28 |     8 ||    36

Table legend:
 A = Non-vault XP
 B = Vault XP
 C = Vault XP percentage of total XP
 D = Non-vault monster count
 E = Vault monster count
 F = Vault count percentage of total count
                 A         B        C        D         E       F
            +---------+---------+-------+---------+---------+-------
      Total |      93 |      18 |  16.2 |      43 |       9 |  17.3
            +---------+---------+-------+---------+---------+-------
        D:1 |      37 |       0 |   0.0 |      25 |       0 |   0.0
        D:2 |      56 |      18 |  24.3 |      18 |       9 |  33.3
            +---------+---------+-------+---------+---------+-------
